 Dungeon Crawl Stone Soup version 0.29-a0-870-g2c972031a6 (webtiles) character file.

Game seed: 6839912186742444381

156 porpoise the Trooper (level 5, 0/41 HPs)
             Began as a Demonspawn Gladiator on July 18, 2022.
             Slain by a river rat (4 damage)
             ... in a sewer.
             The game lasted 00:07:31 (2907 turns).

porpoise the Trooper (Demonspawn Gladiator)         Turns: 2907, Time: 00:07:32

Health: 0/41       AC:  7    Str: 16    XL:     5   Next: 14%
Magic:  5/5        EV:  8    Int:  9    God:
Gold:   74         SH:  3    Dex: 15    Spells: 4/4 levels left

rFire   . . .      SeeInvis .   a - +0 trident
rCold   . . .      Faith    .   m - +0 buckler
rNeg    . . .      Spirit   .   p - +0 ring mail
rPois   .          Reflect  .   c - +0 helmet
rElec   .          Harm     .   k - +0 cloak
rCorr   .          Rampage  .   (no gloves)
Will    .....                   (no boots)
Stlth   +.........              (no amulet)
HPRegen 0.13/turn               (no ring)
MPRegen 0.09/turn               (no ring)

@: constricted
A: claws 2, sturdy frame 1
a: no special abilities


You were in a sewer.
You visited 1 branch of the dungeon, and saw 3 of its levels.
You also visited: Sewer.

You collected 74 gold pieces.

Inventory:

Hand Weapons
 a - a +0 trident (weapon)
Missiles
 d - 3 throwing nets (quivered)
 e - a javelin
 o - 6 poisoned darts
Armour
 c - a +0 helmet (worn)
 k - a +0 cloak (worn)
 l - a scarf of harm
 m - a +0 buckler (worn)
 p - a +0 ring mail (worn)
Scrolls
 b - a scroll of vulnerability {unknown}
 f - a scroll of fog {unknown}
 g - 3 scrolls of identify {unknown}
 j - a scroll of poison {unknown}
Potions
 h - a potion of brilliance {unknown}
 i - a potion of cancellation


   Skills:
 + Level 3.4 Fighting
 - Level 3.1 Polearms
 - Level 1.7 Throwing
 - Level 2.6 Dodging
 * Level 3.2 Unarmed Combat


You had 4 spell levels left.
You didn't know any spells.
Your spell library contained the following spells:

 Spells                   Type           Power      Damage    Failure   Level
 Animate Dead             Necr           0%         N/A       100%        4
 Haunt                    Necr/Summ      0%         N/A       100%        7
 Infestation              Necr           0%         N/A       100%        8


Dungeon Overview and Level Annotations

Branches:
Dungeon (3/15)              Sewer (1/1)

Altars:

Shops:
D:1 [


Innate Abilities, Weirdness & Mutations

You have very sharp fingernails.
Your movements are slightly less encumbered by armour. (ER -2)


Message History

The ball python constricts you.
You closely miss the adder.
The adder is heavily wounded.
You feel sick. You block the adder's attack. The river rat bites you.
The ball python bites you. The ball python closely misses you.
The ball python constricts you. The adder bites you but does no damage.
The river rat bites you.
You puncture the adder!
You kill the adder!
You feel sick. The ball python barely misses you. The ball python bites you.
The ball python constricts you. The river rat bites you.
The ball python bites you but does no damage. x2
The ball python constricts you.
You closely miss the ball python.
You feel sick. The ball python barely misses you.
The river rat closely misses you. The river rat bites you.
* * * LOW HITPOINT WARNING * * *
The ball python barely misses you. The ball python constricts you.
Unknown command.
You completely miss the ball python.
You feel sick.
The ball python bites you but does no damage. x2
The ball python constricts you.
The river rat bites you but does no damage.
You block the river rat's attack. The ball python bites you.
* * * LOW HITPOINT WARNING * * *
You puncture the ball python!
You kill the ball python!
You feel sick.
You are no longer poisoned.
The ball python completely misses you. The ball python constricts you.
* * * LOW HITPOINT WARNING * * *
The river rat barely misses you.
The river rat twitches its whiskers.
The river rat bites you.
* * * LOW HITPOINT WARNING * * *
The ball python bites you but does no damage.
The ball python constricts you.
It was a potion of cancellation.
You feel magically purged. The river rat bites you.
You die...

.....##
##......#
......#
#......#
#≈.≈≈##
#.≈...##
≈≈≈≈≈≈#
#≈≈≈≈≈≈#
≈≈≈≈≈≈#
#≈≈≈≈≈≈#
≈≈≈≈#≈#
#≈≈≈≈≈≈#
≈≈≈≈≈≈#
#≈≈≈≈≈≈#
≈≈≈≈≈≈#
#≈≈JrS≈#
≈≈≈≈†≈#
#≈≈≈@r≈#
≈≈≈≈†.#
#≈....≈#
≈≈≈≈≈†#
##≈..≈≈#
≈≈≈≈†≈#
#≈≈≈≈≈≈#
≈≈≈#≈≈#
#≈≈≈≈≈≈#
≈≈≈÷#≈#
#≈≈≈≈≈≈#
≈≈≈≈≈≈#
#≈≈≈≈≈≈#
≈≈≈≈≈≈#
#≈≈≈≈≈≈#
≈≈≈≈≈≈#
#≈≈≈≈≈≈#


You could see 2 river rats, an endoplasm and a ball python.

Vanquished Creatures
  8 adders
  3 river rats (Sewer)
  4 orcs
  7 bats
  2 endoplasms
  2 goblins
  2 hobgoblins (D:1)
  5 kobolds
  A quokka (D:1)
  8 ball pythons
  3 frilled lizards
  19 rats
64 creatures vanquished.

Notes
Turn   | Place    | Note
-------+----------+-------------------------------------------
     0 | D:1      | porpoise the Demonspawn Gladiator began the quest for the
                  | Orb.
     0 | D:1      | Reached XP level 1. HP: 16/16 MP: 1/1
   169 | D:1      | Found a faded altar of an unknown god.
   207 | D:1      | Gained mutation: You have sharp fingernails. [demonic
                  | ancestry]
   207 | D:1      | Reached XP level 2. HP: 14/22 MP: 2/2
   340 | D:1      | Found Mauczau's Antique Armour Boutique.
   852 | D:2      | Reached skill level 1 in Unarmed Combat
  1395 | D:2      | Gained mutation: You have very sharp fingernails. [demonic
                  | ancestry]
  1395 | D:2      | Reached XP level 3. HP: 28/28 MP: 3/3
  2018 | D:3      | Found a glowing drain.
  2030 | Sewer    | Entered a sewer
  2257 | Sewer    | Reached XP level 4. HP: 34/34 MP: 4/4
  2619 | Sewer    | HP: 1/35 [ball python (3)]
  2828 | Sewer    | Gained mutation: Your movements are slightly less
                  | encumbered by armour. (ER -2) [demonic ancestry]
  2828 | Sewer    | Reached XP level 5. HP: 36/41 MP: 5/5
  2907 | Sewer    | Slain by a river rat

Illustrated notes

Levels and vault maps discovered:
D:1:      tarquinn_simple_flora_water_f, layout_loops_cross,
          nicolae_ecumenical_lake_church, serial_shops, nicolae_shop_trees
D:2:      layout_basic, basic_altar
D:3:      layout_rooms, nicolae_ashenzari_skybound,
          cheibrodos_sewer_entry_sluice, kennysheep_generic_room_13
Sewer:    sewer_minmay_w

Skill      XL: |  1  2  3  4 |
---------------+-------------+-----
Polearms       | 3 |  3.1
Unarmed Combat | 1 2 3 |  3.2
Fighting       | 3 |  3.4
Throwing       | |  1.7
Dodging        | |  2.6

Action                   |  1- 3 |  4- 6 || total
-------------------------+-------+-------++-------
Melee: Trident           |   123 |    84 ||   207
       Punch             |     1 |     1 ||     2
  Use: Potion            |       |     6 ||     6
 Stab: Sleeping          |     4 |       ||     4
       Distracted        |     1 |       ||     1
       Invisible         |       |     5 ||     5
Armor: Leather armour    |    27 |       ||    27
       Ring mail         |    30 |    79 ||   109
Dodge: Dodged            |   105 |   161 ||   266
Block: Buckler           |       |     9 ||     9

Table legend: (Time is in decaauts)
 A = Elapsed time spent in this place.
 B = Non-inter-level travel time spent in this place.
 C = Inter-level travel time spent in this place.
 D = Time resting spent in this place.
 E = Time spent auto-exploring this place.
 F = Levels seen in this place.
 G = Mean time per level.
                   A        B        C        D        E       F      G
               +--------+--------+--------+--------+--------+-----+--------+
         Total |   2987 |   2874 |    113 |    912 |   1298 |   4 |  746.8 |
       Dungeon |   2048 |   1935 |    113 |    330 |   1298 |   3 |  682.7 |
         Sewer |    939 |    939 |      0 |    582 |      0 |   1 |  939.0 |
               +--------+--------+--------+--------+--------+-----+--------+

Top non-repeatable levels by time:
     D:2: 1091 daAuts
   Sewer: 939 daAuts
     D:1: 835 daAuts
     D:3: 120 daAuts
